 Dungeon Sprint DCSS version bcrawl-1.21.3-1-g0d72ed7573 (webtiles) character file.

Game seed: 12738689088255742000

84 funkygono the Destroyer (level 5, -2/31 HPs)
             Began as a Fairy Conjurer on Apr 12, 2020.
             Was a Believer of Sif Muna.
             Engulfed by a cloud of flame (15 damage)
             ... in the Dungeon (Sprint VI: "Thunderdome").
             The game lasted 00:04:21 (486 turns).

funkygono the Destroyer (Fairy Conjurer)             Turns: 486, Time: 00:04:21

Health: -2/31      AC:  4    Str:  6    XL:     5   Next: 9%
Magic:  15/15      EV: 18    Int: 19    God:    Sif Muna [**....]
Gold:   25         SH:  4    Dex: 13    Spells: 9/15 levels left

rFire    . . .     SeeInvis .   (weapon restricted)
rCold    . . .     Gourm    .   (shield restricted)
rNeg     . . .     Faith    .   (armour unavailable)
rPois    .         Spirit   .   (no helmet)
rElec    .         Reflect  .   (no cloak)
rCorr    .         Harm     .   (no gloves)
MR       .....     NoTele   +   (no boots)
Stlth    +.........             (no amulet)
HPRegen  0.10/turn              (no ring)
MPRegen  0.14/turn              (no ring)

@: flying evasively
A: small, magic attunement, unstealthy, unfitting armour, able to fly, AC/SH +4
a: Stop Flying, Divine Energy, Renounce Religion


You were in the Dungeon.
You worshipped Sif Muna.
Sif Muna was pleased with you.
You were not hungry.

You visited 1 branch You collected 340 gold pieces.
You spent 315 gold pieces at shops.

Inventory:

Armour
 l - the +2 hat "Hiwusalo" {-Cast rC++ rN+++ Slay-4}
   (You bought it in a shop in the Dungeon)

   It affects your accuracy and damage with ranged weapons and melee attacks
   (-4).
   It greatly protects you from cold.
   It renders you almost immune to negative energy.
   It prevents spellcasting.
Wands
 i - a wand of acid (5)
 j - a wand of iceblast (5)
Scrolls
 h - 4 scrolls of blinking
 k - 3 scrolls of fog
Potions
 a - a potion of resistance
 b - 3 potions of magic
 c - 4 potions of heal wounds
 d - a potion of curing
 f - 4 potions of haste
 g - a potion of berserk rage
Comestibles
 e - a ration {!d}


   Skills:
 + Level 4.8 Dodging
 + Level 2.2 Stealth
 + Level 5.7 Spellcasting
 + Level 10.4 Conjurations


You had 9 spell levels left.
You knew the following spells:

 Your Spells              Type           Power        Failure   Level  Hunger
a - Magic Dart            Conj           ####         1%          1    None
b - Searing Ray           Conj           #####...     1%          2    None
c - Iskenderun's Mystic   Conj           #####...     1%          3    None

Your spell library contained the following spells:

 Spells                   Type           Power        Failure   Level  Hunger
 Fulminant Prism          Conj/Hex       ####......   14%         4    None
 Call Imp                 Summ           #.....       17%         2    None
 Ensorcelled Hibernation  Hex/Ice        #.....       17%         2    None
 Inner Flame              Hex/Fire       N/A          34%         3    None
 Tukima's Dance           Hex            #.......     34%         3    None
 Irradiate                Conj/Tmut      ####......   36%         5    None
 Summon Scorpions         Summ/Pois      #.......     75%         4    None
 Shadow Creatures         Summ           N/A          100%        6    None
 Mana Rupture             Conj/Hex       ####......   100%        7    None


Dungeon Overview and Level Annotations

Branches:
Dungeon (1/1)

Altars:
Cheibriados
Dithmenos
Fedhas
Gozag
Makhleb
Okawaru
Qazlal
Ru
Sif Muna
Trog
Vehumet
Wu Jian
Xom
Yredelemnul
Zin
The Shining One
Beogh
Jiyva

Shops:
D *[%?**[(!!!!


Innate Abilities, Weirdness & Mutations

Your spells do not cause hunger and MP costs are reduced by 1.
Your bright wings attract enemies. (Stealth-)
You cannot fit into any form of body armour.
Your shimmering scales are hard and can block incoming attacks. (AC +4, SH +4)
You are small and have problems with some larger weapons.
You can fly continuously.


Message History

Okay, then.
Keep disrobing?
You start removing your armour.
You continue taking off the +2 hat "Hiwusalo" {-Cast rC++ rN+++ Slay-4}. x3
The kamikaze kobold misses you.
You continue taking off the +2 hat "Hiwusalo" {-Cast rC++ rN+++ Slay-4}.
The kamikaze kobold closely misses you.
You finish taking off the +2 hat "Hiwusalo" {-Cast rC++ rN+++ Slay-4}.
Casting: Searing Ray (safe; 1% risk of failure)
Confirm with . or Enter, or press ? or * to list all spells.
Aiming: Magic Dart (safe; 1% risk of failure)
Press: ? - help, Shift-Dir - straight line, f - kamikaze kobold
Aim: a kamikaze kobold, wielding a +0 short sword (inner flame)
The magic dart hits the kamikaze kobold.
The kamikaze kobold explodes!
The fiery explosion engulfs you!!
Ouch! That really hurt!
Sif Muna accepts your kill.
You are engulfed in blazing flames.
You die...

######.8.§.......
##∩___......# #...
###∩%.......8.# #.8.
##.............###..÷
#⌠........%.# #...###
#⌠..........# #.<.# #
#⌠..§§§.....###...###
#...§.........###...
###@§§......8.# #.8.
##∩_._......###...
######.8.........
#⌠).........
###.........
#_......)_ #_........
#_......._ #∩.......∩


There were no monsters in sight!

Vanquished Creatures
  2 wights (D)
  A hound (D)
  A spectral adder (D)
  2 spectral bats (D)
  A goblin (D)
  A quokka (D)
  A bat (D)
  A frilled lizard (D)
  A kobold (D)
  2 rats (D)
  A spectral quokka (D)
14 creatures vanquished.

Notes
Turn   | Place    | Note
-------+----------+-------------------------------------------
     0 | D        | funkygono the Fairy Conjurer began the quest for the Orb.
     0 | D        | Reached XP level 1. HP: 11/11 MP: 6/6
     1 | D        | Found a bloodstained altar of Trog.
     1 | D        | Found a blossoming altar of Fedhas.
     2 | D        | Found a shimmering blue altar of Sif Muna.
     2 | D        | Found a burning altar of Makhleb.
     3 | D        | Found an iron altar of Okawaru.
     3 | D        | Found a viscous altar of Jiyva.
     4 | D        | Found Zyhodep's Distillery.
     4 | D        | Found an ornate altar of the Wu Jian Council.
     4 | D        | Found a roughly hewn altar of Beogh.
     4 | D        | Found Bualof's Do-It-Yourself Clinic.
     5 | D        | Found Gejiryho's Distillery.
     5 | D        | Found Wopsory's Bottled Wisdom.
     5 | D        | Round 1.
     8 | D        | Found an opulent altar of Gozag.
    10 | D        | Found a shimmering altar of Xom.
    11 | D        | Found Buma's Weapon Rack.
    12 | D        | Found Haev Umm's Basic Armour.
    12 | D        | Found Hysar's Miscellaneous Merchandise.
    13 | D        | Found a shadowy altar of Dithmenos.
    13 | D        | Found a sacrificial altar of Ru.
    13 | D        | Found a snail-covered altar of Cheibriados.
    13 | D        | Found Feonu's Premium Goods.
    16 | D        | Reached skill level 5 in Conjurations
    87 | D        | Noticed a hound
    99 | D        | Killed a hound
    99 | D        | Reached skill level 7 in Conjurations
    99 | D        | Reached XP level 2. HP: 4/17 MP: 7/9
    99 | D        | Reached XP level 3. HP: 5/21 MP: 7/10
   172 | D        | Found a glowing silver altar of Zin.
   174 | D        | Found a glowing golden altar of the Shining One.
   175 | D        | Found Das Xuom's Identification Station.
   175 | D        | Found a basalt altar of Yredelemnul.
   175 | D        | Found a stormy altar of Qazlal.
   175 | D        | Found a radiant altar of Vehumet.
   175 | D        | Found Benu's Delicious Food.
   176 | D        | Found Owago Itoiwn's Advanced Armour.
   176 | D        | Found Keikkupt's Jewellery.
   179 | D        | Arena points: 5 (+5) [x1]
   194 | D        | Round 2.
   202 | D        | Became a worshipper of Sif Muna the Loreminder
   232 | D        | Learned a level 2 spell: Searing Ray
   237 | D        | Learned a level 3 spell: Iskenderun's Mystic Blast
   264 | D        | Arena points: 21 (+16) [x2]
   279 | D        | Round 3.
   302 | D        | Reached * piety under Sif Muna
   302 | D        | Reached skill level 9 in Conjurations
   302 | D        | Reached XP level 4. HP: 25/27 MP: 5/12
   331 | D        | Reached ** piety under Sif Muna
   351 | D        | Identified Lasof's Compendium of Malediction and Calling
                  | (Sif Muna gifted it to you in the Dungeon)
   351 | D        | Received a gift from Sif Muna
   432 | D        | Arena points: 84 (+63) [x3]
   432 | D        | Reached skill level 5 in Spellcasting
   432 | D        | Reached skill level 10 in Conjurations
   432 | D        | Reached XP level 5. HP: 31/31 MP: 11/15
   457 | D        | Round 4.
   476 | D        | Bought a warped hat for 315 gold pieces
   481 | D        | Identified the +2 hat "Hiwusalo" {-Cast rC++ rN+++ Slay-4}
                  | (You bought it in a shop in the Dungeon)
   486 | D        | Engulfed by a cloud of flame

Skill      XL: |  1  2  3  4 |
---------------+-------------+-----
Conjurations   | 7 9 10 | 10.4
Dodging        | 3 4 |  4.8
Spellcasting   | 4 5 |  5.7
Stealth        | 2 |  2.2

Action                   |  1- 3 |  4- 6 || total
-------------------------+-------+-------++-------
 Cast: Magic Dart        |    20 |    11 ||    31
       Searing Ray       |     1 |     2 ||     3
       Iskenderun's Myst |       |     1 ||     1
Armor: Skin              |       |     3 ||     3
Dodge: Dodged            |     8 |     8 ||    16
Block: Other             |     1 |     2 ||     3
